 Dungeon Crawl Stone Soup version 0.29.1-1-gd02db6906a (webtiles) character file.

Game seed: 13077812123925542852

334 mcbry74 the Chiller (level 6, -1/41 HPs)
             Began as a Merfolk Ice Elementalist on Oct 5, 2022.
             Slain by a wyvern zombie (6 damage)
             ... on level 5 of the Dungeon.
             The game lasted 00:19:20 (4130 turns).

mcbry74 the Chiller (Merfolk Ice Elementalist)      Turns: 4130, Time: 00:19:20

Health: -1/41      AC:  5    Str:  8    XL:     6   Next: 53%
Magic:  7/9        EV: 28    Int: 16    God:
Gold:   196        SH:  0    Dex: 15    Spells: 2/9 levels left

rFire   . . .      SeeInvis .   x - +1 short sword (venom)
rCold   . . .      Faith    .   (no shield)
rNeg    . . .      Spirit   .   a - +0 robe
rPois   .          Reflect  .   (no helmet)
rElec   .          Harm     .   q - +2 cloak
rCorr   .          Rampage  .   (no gloves)
Will    .....                   (no boots)
Stlth   +++.......              d - amulet of the acrobat
HPRegen 0.13/turn               (no ring)
MPRegen 0.11/turn               (no ring)

@: acrobatic
A: (nimble swimmer 2), mertail
a: no special abilities


You were on level 5 of the Dungeon.
You visited 1 branch of the dungeon, and saw 5 of its levels.

You collected 196 gold pieces.

Inventory:

Hand Weapons
 c - a +0 dagger
 r - a +0 spear
 x - a +1 short sword of venom (weapon)
Armour
 a - a +0 robe (worn)
 o - a +0 cloak
 q - a +2 cloak (worn)
Magical Staves
 u - a staff of death
Jewellery
 d - an amulet of the acrobat (around neck)
 m - a ring of protection from cold
Scrolls
 e - 3 scrolls of teleportation {unknown}
 g - a scroll of immolation {unknown}
 i - a scroll of fear {unknown}
 j - 2 scrolls of magic mapping {unknown}
 k - a scroll of blinking {unknown}
 n - 3 scrolls of identify {unknown}
 p - 2 scrolls of poison {unknown}
 w - a scroll of enchant armour {unknown}
 y - a scroll of noise {unknown}
Potions
 b - 3 potions of magic
 f - a potion of curing {unknown}
 h - 2 potions of heal wounds {unknown}
 l - a potion of degeneration {unknown}
 s - a potion of berserk rage {unknown}
 t - a potion of invisibility {unknown}
 v - 2 potions of resistance {unknown}
 z - a potion of might {unknown}
 A - a potion of haste {unknown}


   Skills:
 + Level 2.5 Short Blades
 - Level 2.0 Polearms
 - Level 2.8 Dodging
 - Level 4.0 Stealth
 - Level 2.0 Spellcasting
 + Level 1.1 Conjurations
 * Level 6.6 Ice Magic


You had 2 spell levels left.
You knew the following spells:

 Your Spells              Type           Power      Damage    Failure   Level
a - Freeze                Ice            88%        1d10      1%          1
b - Frozen Ramparts       Ice            44%        1d7       4%          3
c - Ozocubu's Armour      Ice            22%        N/A       4%          3

Your spell library contained the following spells:

 Spells                   Type           Power      Damage    Failure   Level
 Sandblast                Erth           2%         2d4       21%         1
 Slow                     Hex            4%         N/A       21%         1
 Passwall                 Tmut/Erth      0%         N/A       30%         2
 Hailstorm                Conj/Ice       14%        3d5       38%         4
 Stone Arrow              Conj/Erth      6%         3d7       45%         3
 Summon Ice Beast         Ice/Summ       12%        N/A       45%         4
 Confusing Touch          Hex            1%         N/A       52%         3
 Vampiric Draining        Necr           1%         2d6       52%         3
 Animate Armour           Summ/Erth      2%         N/A       90%         4
 Summon Mana Viper        Hex/Summ       1%         N/A       99%         5
 Monstrous Menagerie      Summ           0%         N/A       100%        7
 Lehudib's Crystal Spear  Conj/Erth      1%         10d2      100%        8


Dungeon Overview and Level Annotations

Branches:
Dungeon (5/15)
 Temple: D:4-7

Altars:
Elyvilon

Shops:
D:2 *

Annotations:
D:3 3 runed translucent doors, Notanamesir's ghost, amateur SpBr


Innate Abilities, Weirdness & Mutations

((You are very nimble when in or above water. (Stealth+, EV+, Speed+++)))
Your lower body shifts to a powerful aquatic tail in water.


Message History

You freeze the iguana!
You kill the iguana!
You start resting.
Magic restored.
Found a sling.
A wyvern zombie comes into view.
Found 15 gold pieces.
You see here a scroll labelled BAHUETOTHIO.
n - 3 scrolls labelled BAHUETOTHIO (gained 1)
Casting: Freeze (safe; 1% risk of failure)
Confirm with . or Enter, or press ? or * to list all spells.
Aiming: Freeze (safe; 1% risk of failure)
Press: ? - help, Shift-Dir - straight line, f - wyvern zombie
Aim: a wyvern zombie You freeze the wyvern zombie but do no damage.
The wyvern zombie completely resists.
The wyvern zombie bites you.
Casting: Freeze (safe; 1% risk of failure)
Confirm with . or Enter, or press ? or * to list all spells.
Aiming: Freeze (safe; 1% risk of failure)
Press: ? - help, Shift-Dir - straight line, f/p - wyvern zombie
Aim: a wyvern zombie You freeze the wyvern zombie.
The wyvern zombie resists.
The wyvern zombie is lightly damaged.
The wyvern zombie bites you.
You barely miss the wyvern zombie.
The wyvern zombie is lightly damaged.
The wyvern zombie closely misses you. The wyvern zombie bites you!
You barely miss the wyvern zombie.
The wyvern zombie is lightly damaged.
The wyvern zombie bites you!
You hit the wyvern zombie.
The wyvern zombie is lightly damaged.
The wyvern zombie bites you!
* * * LOW HITPOINT WARNING * * *
You hit the wyvern zombie but do no damage.
The wyvern zombie is lightly damaged.
The wyvern zombie bites you.
* * * LOW HITPOINT WARNING * * *
The wyvern zombie bites you.
You die...

.. .).. .#... ...
..# .... ....
#.###..# .
.....##..##..# ..
.........##.#### .#
.........#.....#.##
$..................
.........#Z...#.#.
......####†@.##
...!.. #.<## ..###.
##.# . . #.. . #...
..... ..#...
..#.... #..#...[.


You could see a wyvern zombie.

Vanquished Creatures
  A hound (D:3)
  A jelly (D:3)
  3 iguanas
  An orc wizard (D:3)
  3 gnolls (D:2)
  5 adders
  A white imp (D:4)
  A worm (D:2)
  3 dart slugs
  3 orcs (D:3)
  10 ball pythons
  5 bats
  5 endoplasms
  14 giant cockroaches
  6 goblins
  4 hobgoblins (D:4)
  6 kobolds
  3 quokkas
  4 frilled lizards
  7 rats
86 creatures vanquished.

Vanquished Creatures (others)
  2 fungi (D:3)
  A plant (D:3)
3 creatures vanquished.

Grand Total: 89 creatures vanquished

Notes
Turn   | Place    | Note
-------+----------+-------------------------------------------
     0 | D:1      | mcbry74 the Merfolk Ice Elementalist began the quest for
                  | the Orb.
     0 | D:1      | Reached XP level 1. HP: 13/13 MP: 3/3
   155 | D:1      | Found a faded altar of an unknown god.
   360 | D:1      | Reached XP level 2. HP: 19/19 MP: 3/5
   823 | D:1      | Reached skill level 1 in Short Blades
  1106 | D:1      | Reached XP level 3. HP: 24/24 MP: 6/6
  1239 | D:2      | Found Iwihibb's General Store.
  1245 | D:2      | Found a white marble altar of Elyvilon.
  1280 | D:2      | Reached skill level 5 in Ice Magic
  1613 | D:1      | Learned a level 3 spell: Frozen Ramparts
  1756 | D:2      | Reached XP level 4. HP: 25/30 MP: 3/7
  2041 | D:2      | Learned a level 3 spell: Ozocubu's Armour
  2408 | D:3      | Noticed Notanamesir's ghost (amateur SpBr)
  2408 | D:3      | Noticed a kobold brigand
  2409 | D:3      | Found a runed translucent gate.
  2409 | D:3      | Found a runed translucent gate.
  2409 | D:3      | Found a runed translucent gate.
  2638 | D:3      | Reached XP level 5. HP: 35/35 MP: 5/8
  2813 | D:3      | Reached skill level 1 in Polearms
  3242 | D:3      | Reached skill level 6 in Ice Magic
  3459 | D:4      | Reached XP level 6. HP: 36/41 MP: 6/9
  4067 | D:5      | Entered Level 5 of the Dungeon
  4086 | D:4      | Reached skill level 1 in Conjurations
  4130 | D:5      | Slain by a wyvern zombie

Illustrated notes

Levels and vault maps discovered:
D:1:      amcnicky_arrival_gap_in_the_tavern_cellar, layout_loops_ring,
          ebering_ecumenical_altar_petrified
D:2:      layout_rooms, serial_shops, shop, basic_altar,
          kennysheep_generic_room_5
D:3:      minmay_roachtagon, layout_rooms, gammafunk_ghost_nasty_kobolds,
          st_stairs_4, hangedman_decor_diamond_cutter, minmay_fountain_box
D:4:      layout_rooms
D:5:      layout_cave_pools, ashenzari_conservatory_becter,
          minmay_temple_entry_arrows, serial_undead, serial_undead_a,
          serial_undead_e, serial_undead_b, serial_undead_a,
          minmay_quadrilaterals

Skill      XL: |  1  2  3  4  5  6 |
---------------+-------------------+-----
Short Blades   | 1 2 |  2.5
Ice Magic      | 5 6 |  6.6
Stealth        | 3 4 |  4.0
Polearms       | 2 |  2.0
Conjurations   | 1 |  1.1
Dodging        | |  2.8
Spellcasting   | |  2.0

Action                   |  1- 3 |  4- 6 || total
-------------------------+-------+-------++-------
Melee: Dagger            |    77 |    13 ||    90
       Punch             |     2 |     3 ||     5
       Spear             |       |    79 ||    79
       Short sword       |       |    50 ||    50
 Cast: Freeze            |    24 |    38 ||    62
       Frozen Ramparts   |     1 |     4 ||     5
 Stab: Sleeping          |     9 |     1 ||    10
       Distracted        |       |     1 ||     1
Armor: Robe              |    16 |    43 ||    59
Dodge: Dodged            |    55 |   122 ||   177
